 Dungeon Crawl Stone Soup version 0.19-a0-450-g98b348d (webtiles) character file.

51954 Kidiri the Thaumaturge (level 14, 0/82 HPs)
             Began as a Deep Elf Fire Elementalist on May 31, 2016.
             Was a High Priest of Vehumet.
             Splashed by an acid blob's acid (17 damage)
             ... on level 6 of the Lair of Beasts on June 1, 2016.
             The game lasted 01:55:21 (26738 turns).

Kidiri the Thaumaturge (DEFE)                      Turns: 26738, Time: 01:55:22

Health: 0/82       AC:  1    Str:  5    XL:     14   Next: 25%
Magic:  10/28      EV: 22    Int: 29    God:    Vehumet [*****.]
Gold:   906        SH:  8    Dex: 15    Spells: 8 memorised, 2 levels left

rFire  + . .     SeeInvis +     B - +4 short sword (elec)
rCold  . . .     Gourm    .     b - +0 leather armour {rF+}
rNeg   . . .     Faith    .     q - +3 warlock's mirror {reflect}
rPois  +         Spirit   .     a - +1 hat {SInv}
rElec  .         Dismiss  .     x - +2 cloak
rCorr  .         Reflect  +     f - +2 pair of gloves
SustAt .         Harm     .     z - +1 pair of boots
MR     +....                    (no amulet)
Stlth  +++.......               g - +5 ring of evasion
                                j - ring "Peomoo" {rPois Int+3}

@: corroded, somewhat resistant to hostile enchantments, fairly stealthy
A: camouflage 1, low mp 1, wild magic 1, no device heal 1
a: Renounce Religion


You were on level 6 of the Lair of Beasts.
You worshipped Vehumet.
Vehumet was extremely pleased with you.
You were full.

You visited 3 branches of the dungeon, and saw 17 of its levels.
You also visited: Labyrinth.

You collected 906 gold pieces.

Inventory:

Hand Weapons
 B - a +4 short sword of electrocution (weapon)
 C - the +9 dagger of Chilly Death {flash freeze, rPois rF- rC++ MR+}
   (You found it on level 6 of the Lair of Beasts)

   It has been specially enchanted to freeze those struck by it, causing extra
   injury to most foes and up to half again as much damage against particularly
   susceptible opponents.
   It can also slow down cold-blooded creatures.
   It makes you vulnerable to fire.
   It greatly protects you from cold.
   It protects you from poison.
   It affects your resistance to hostile enchantments.
Armour
 a - a +1 hat of see invisible (worn)
 b - a +0 leather armour of fire resistance (worn)
 f - a +2 pair of gloves (worn)
 q - the +3 warlock's mirror (worn) {reflect}
   (You acquired it on level 2 of the Lair of Beasts)
 x - a +2 cloak (worn)
 z - a +1 pair of boots (worn)
Magical Staves
 M - an uncursed staff of air
Jewellery
 g - a +5 ring of evasion (right hand)
 j - the ring "Peomoo" (left hand) {rPois Int+3}
   (You took it off a minotaur in a labyrinth)

   [ring of poison resistance]

   It affects your intelligence (+3).
   It protects you from poison.
 k - an uncursed ring of protection from fire
 l - an uncursed ring of poison resistance
 o - an uncursed ring of resist corrosion
 E - a +4 ring of strength
 F - an uncursed ring of flight
Wands
 d - a wand of teleportation (5/9)
 r - a wand of teleportation (4/9)
 s - a wand of iceblast (5/15)
 v - a wand of slowing (26/48)
 G - a wand of lightning (4/15)
 N - a wand of acid (0/15)
 O - a wand of enslavement (14/24)
 P - a wand of flame (33/48)
 Q - a wand of random effects (13/48)
Scrolls
 h - 9 scrolls of remove curse
 i - 2 scrolls of immolation
 t - 5 scrolls of teleportation
 u - a scroll of fear
 w - 2 scrolls of recharging
 y - a scroll of fog
 A - 2 scrolls of blinking
 D - a scroll of silence
Potions
 e - a potion of brilliance
 p - a potion of flight
 H - a potion of haste
 I - a potion of lignification {unknown}
 J - a potion of might
Books
 S - a book of Annihilations

   Spells                             Type                      Level
   a - Poison Arrow                   Conjuration/Poison           6
   b - Chain Lightning                Conjuration/Air              8
   c - Lehudib's Crystal Spear        Conjuration/Earth            8
   d - Glaciate                       Conjuration/Ice              9
   e - Fire Storm                     Conjuration/Fire             9
 T - a book of the Earth

   Spells                             Type                      Level
   a - Leda's Liquefaction            Hexes/Earth                  4
   b - Bolt of Magma                  Conjuration/Fire/Earth       5
   c - Statue Form                    Transmutation/Earth          6
   d - Iron Shot                      Conjuration/Earth            6
   e - Shatter                        Earth                        9
Comestibles
 c - 9 bread rations
 m - 9 meat rations
 n - a beef jerky
 K - 15 chunks of flesh


   Skills:
 + Level 7.0 Fighting
 - Level 8.0 Short Blades
 + Level 6.9 Armour
 - Level 10.0 Dodging
 - Level 2.5 Stealth
 + Level 3.8 Shields
 + Level 11.7 Spellcasting
 + Level 10.3 Conjurations
 + Level 10.8 Fire Magic
 + Level 7.3 Air Magic
 + Level 7.9 Evocations


You had 2 spell levels left.
You knew the following spells:

 Your Spells              Type           Power        Failure   Level  Hunger
a - Throw Flame           Conj/Fire      ######       1%          2    None
b - Conjure Flame         Conj/Fire      #######.     1%          3    None
c - Inner Flame           Hex/Fire       ######..     1%          3    None
d - Sticky Flame          Conj/Fire      #######.     1%          4    None
e - Airstrike             Air            ######....   1%          4    None
f - Fireball              Conj/Fire      #######...   1%          5    ##.....
h - Freezing Cloud        Conj/Ice/Air   ######....   36%         6    #####..
i - Orb of Destruction    Conj           #######...   30%         7    ######.


Dungeon Overview and Level Annotations

Branches:
Dungeon (10/15)            Temple (1/1) D:5            Lair (6/8) D:9
  Swamp (0/4) Lair:6       Spider (0/4) Lair:3        Slime (0/6) Lair:6
    Orc: D:9-12

Altars:
Ashenzari
Cheibriados
Dithmenos
Elyvilon
Fedhas
Gozag
Hepliaklqana
Kikubaaqudgha
Makhleb
Nemelex Xobeh
Okawaru
Pakellas
Qazlal
Ru
Sif Muna
Trog
Uskayaw
Vehumet
Xom
Yredelemnul
Zin
The Shining One
Jiyva

Shops:
D:10 (


Innate Abilities, Weirdness & Mutations

Your skin changes colour to match your surroundings (Stealth+).
Your magical capacity is low. (-10% MP)
Your spells are a little harder to cast, but a little more powerful.
Potions and wands are less effective at restoring your health.


Message History

The acid blob burns!
You kill the acid blob!
Vehumet accepts your kill.
You feel your power returning.
Your Fighting skill increases to level 7!
Casting: Sticky Flame
Confirm with . or Enter, or press ? or * to list all spells.
Aiming: Sticky Flame
Press: ? - help, Shift-Dir - straight line, f - acid blob
Aim: an acid blob (flame, moderately wounded)
The sticky flame hits the acid blob.
The acid blob is heavily wounded.
The acid blob is covered in liquid flames!
The acid blob burns!
The acid blob is engulfed in roaring flames.
The acid blob spits acid at you. The splash of acid hits you!
* * * LOW HITPOINT WARNING * * *
The acid corrodes you!
The acid burns!
You die...

#..### ##.....#####
#..#P###.##....#..##
#....PP............#
....PP.P..P....#..##
....######...######
#...#### ##..####
##.###.# ##^P.#.##
#.....####P..P...##
P............P..@.#
......##.P....##J##
......####...##._.#
....P## #..###...#
...P######...##.>.#
...P.##.#...#######
............######
...#...#.....#PP.####
....#.P###..........#


You could see an acid blob (burning).

Vanquished Creatures
  An acid blob (Lair:6)
  Gastronok (D:8)
  A minotaur (Lab)
  Josephine (D:10)
  Harold (Lair:1)
  3 hydras
  Erica (D:8)
  A tengu warrior (D:10)
  6 death yaks (Lair:5)
  Nergalle (Lair:2)
  3 skeletal warriors (D:8)
  A hill giant (D:10)
  The ghost of Ajdolov the Cleaver, a novice HOGl of Uskayaw (D:6)
  The ghost of removeelyvilon the Summoner, a novice DsSu of Ashenzari (D:7)
  Maurice (D:8)
  2 black mambas
  Joseph (D:7)
  2 centaur skeletons (D:10)
  A torpor snail (Lair:5)
  9 spiny frogs
  6 komodo dragons
  2 rime drakes (Lair:3)
  A polar bear (Lair:5)
  6 jumping spiders (Lair:3)
  4 trolls
  19 blink frogs
  6 wraiths (D:10)
  A wyvern (Lair:1)
  2 redbacks (Lair:3)
  61 yaks
  Grum (D:10)
  A steam dragon (D:9)
  3 hungry ghosts
  4 basilisks
  3 hippogriffs
  Edmund (D:5)
  13 water moccasins
  3 orc warriors
  Duvessa (D:6)
  15 porcupines
  4 ice beasts
  A black bear (D:8)
  3 phantoms
  A wasp (D:10)
  5 ogres
  3 centaurs
  22 wolves
  10 crocodiles
  2 big kobolds
  Blork the orc (D:5)
  15 giant frogs
  A water moccasin zombie (D:7)
  Dowan (D:6)
  4 scorpions
  9 wights (D:7)
  4 killer bees (D:10)
  A vampire bat (Lair:5)
  3 howler monkeys
  3 electric eels
  2 crimson imps
  A quasit (D:8)
  5 orc priests
  8 jellies
  3 hounds
  6 orc wizards
  9 iguanas
  2 giant frog skeletons (D:10)
  6 worker ants
  9 sheep (Lair:5)
  A hound skeleton (D:4)
  8 gnolls
  74 river rats
  13 adders
  2 shadow imps
  5 adder skeletons
  6 dart slugs
  3 giant geckos
  28 orcs
  2 giant cockroaches
  15 goblins
  9 hobgoblins
  12 jackals
  6 quokkas
  A ball python (D:1)
  A ball python skeleton (D:4)
  14 bats
  2 giant gecko skeletons
  A giant gecko zombie (D:5)
  8 giant newts
  A jackal zombie (D:5)
  12 kobolds
  14 rats
  2 fungi
576 creatures vanquished.

Vanquished Creatures (others)
  An adder (D:7)
  7 fungi
  13 plants
21 creatures vanquished.

Grand Total: 597 creatures vanquished

Notes
Turn   | Place    | Note
--------------------------------------------------------------
     0 | D:1      | Kidiri the Deep Elf Fire Elementalist began the quest for the Orb.
     0 | D:1      | Reached XP level 1. HP: 10/10 MP: 6/6
   215 | D:1      | Reached XP level 2. HP: 11/15 MP: 8/8
   222 | D:1      | Learned a level 2 spell: Throw Flame
  1159 | D:1      | Reached XP level 3. HP: 19/19 MP: 10/10
  1164 | D:1      | Learned a level 3 spell: Conjure Flame
  1168 | D:1      | Learned a level 3 spell: Inner Flame
  1604 | D:2      | Reached skill level 4 in Spellcasting
  2119 | D:2      | Reached XP level 4. HP: 20/24 MP: 7/12
  2663 | D:2      | Found a snail-covered altar of Cheibriados.
  3018 | D:3      | Reached XP level 5. HP: 25/28 MP: 10/14
  3177 | D:3      | Learned a level 4 spell: Sticky Flame
  3185 | D:3      | Reached skill level 5 in Spellcasting
  4228 | D:4      | Noticed a phantom
  4245 | D:4      | Killed a phantom
  4245 | D:4      | Reached XP level 6. HP: 17/32 MP: 1/16
  4626 | D:4      | Reached skill level 5 in Fire Magic
  4661 | D:4      | Found a sacrificial altar of Ru.
  4700 | D:4      | Found a stormy altar of Qazlal.
  5072 | D:4      | Found a burning altar of Makhleb.
  5073 | D:4      | Found a hide-covered altar of Uskayaw.
  5229 | D:5      | Entered Level 5 of the Dungeon
  5229 | D:5      | Found a staircase to the Ecumenical Temple.
  5229 | D:5      | Noticed an ice beast
  5232 | D:5      | Killed an ice beast
  5232 | D:5      | Reached skill level 6 in Spellcasting
  5232 | D:5      | Reached XP level 7. HP: 36/36 MP: 12/18
  5239 | D:5      | Learned a level 5 spell: Fireball
  5246 | Temple   | Entered the Ecumenical Temple
  5292 | Temple   | Became a worshipper of Vehumet
  5649 | D:5      | Noticed Edmund
  5651 | D:5      | Noticed Blork the orc
  5830 | D:5      | Reached skill level 1 in Short Blades
  5884 | D:5      | Found an iron altar of Okawaru.
  6046 | D:5      | Killed Blork the orc
  6046 | D:5      | Reached skill level 1 in Fighting
  6046 | D:5      | Reached skill level 1 in Armour
  6046 | D:5      | Reached skill level 5 in Conjurations
  6126 | D:5      | Found a shattered altar of Ashenzari.
  6135 | D:5      | Killed Edmund
  6503 | D:6      | Found a shadowy altar of Dithmenos.
  6613 | D:6      | Found an oddly glowing altar of Pakellas.
  6639 | D:6      | Reached XP level 8. HP: 39/44 MP: 10/19
  6699 | D:6      | Noticed Dowan
  6700 | D:6      | Noticed Duvessa
  6708 | D:6      | Noticed Ajdolov's ghost (novice HOGl)
  6719 | D:6      | Killed Duvessa
  7171 | D:6      | Killed Dowan
  7411 | D:6      | Reached skill level 7 in Spellcasting
  8200 | D:6      | Killed Ajdolov's ghost
  8200 | D:6      | Reached XP level 9. HP: 45/49 MP: 10/22
  8573 | D:7      | Reached * piety under Vehumet
  8573 | D:7      | Offered knowledge of Sting by Vehumet.
  8743 | D:7      | Found a glowing silver altar of Zin.
  8749 | D:7      | Found an opulent altar of Gozag.
  8802 | D:7      | Found a hazy altar of Hepliaklqana.
  8818 | D:7      | Noticed Joseph
  8826 | D:7      | Found a deep blue altar of Sif Muna.
  8856 | D:7      | Killed Joseph
  8856 | D:7      | Reached skill level 5 in Dodging
  9209 | D:7      | Learned a level 1 spell: Sting
  9298 | D:7      | Reached skill level 8 in Spellcasting
  9489 | D:7      | Noticed removeelyvilon's ghost (novice DsSu)
  9929 | D:7      | Reached skill level 1 in Evocations
 10332 | D:7      | Found a basalt altar of Yredelemnul.
 10334 | D:7      | Noticed a profane servitor
 10351 | D:7      | Found a glowing golden altar of the Shining One.
 10353 | D:7      | Noticed an angel
 10629 | D:7      | Gained mutation: Your skin changes colour to match your surroundings (Stealth+). [potion of mutation]
 10629 | D:7      | Gained mutation: Potions and wands are less effective at restoring your health. [potion of mutation]
 10629 | D:7      | Gained mutation: You are partially covered in large bone plates. (AC +2, SH +2) [potion of mutation]
 10675 | D:7      | Killed removeelyvilon's ghost
 10675 | D:7      | Reached XP level 10. HP: 36/56 MP: 4/24
 10718 | D:7      | Learned a level 6 spell: Freezing Cloud
 11100 | D:8      | Noticed a skeletal warrior
 11100 | D:8      | Noticed a skeletal warrior
 11100 | D:8      | Noticed a skeletal warrior
 11110 | D:8      | Killed a skeletal warrior
 11110 | D:8      | Reached skill level 5 in Short Blades
 11110 | D:8      | Reached skill level 1 in Air Magic
 11255 | D:8      | Noticed Gastronok
 11275 | D:8      | Killed a skeletal warrior
 11277 | D:8      | Killed a skeletal warrior
 11632 | D:8      | Noticed Maurice
 11655 | D:8      | Killed Maurice
 11655 | D:8      | Reached skill level 9 in Spellcasting
 11764 | D:8      | Reached ** piety under Vehumet
 11764 | D:8      | Offered knowledge of Sandblast by Vehumet.
 11891 | D:8      | Found a shimmering altar of Xom.
 12133 | D:8      | Noticed Erica
 12153 | D:8      | Killed Erica
 12415 | D:8      | Killed Gastronok
 12415 | D:8      | Reached XP level 11. HP: 7/62 MP: 0/26
 13095 | D:9      | Reached skill level 5 in Fighting
 13187 | D:9      | Found a staircase to the Lair.
 13248 | D:9      | Offered knowledge of Searing Ray by Vehumet.
 13434 | D:9      | Lost mutation: You are partially covered in large bone plates. (AC +2, SH +2) [potion of mutation]
 13434 | D:9      | Gained mutation: Your magical capacity is low. (-10% MP) [potion of mutation]
 13434 | D:9      | Gained mutation: Your spells are a little harder to cast, but a little more powerful. [potion of mutation]
 13482 | D:9      | Reached *** piety under Vehumet
 13878 | D:9      | Found a sparkling altar of Nemelex Xobeh.
 14192 | D:10     | Entered Level 10 of the Dungeon
 14206 | D:10     | Offered knowledge of Static Discharge by Vehumet.
 14476 | D:10     | Noticed Josephine
 14482 | D:10     | Killed Josephine
 14482 | D:10     | Reached skill level 5 in Armour
 14482 | D:10     | Reached skill level 5 in Evocations
 14482 | D:10     | Reached **** piety under Vehumet
 14639 | D:10     | Reached skill level 10 in Spellcasting
 14646 | D:10     | Offered knowledge of Airstrike by Vehumet.
 14646 | D:10     | Reached XP level 12. HP: 68/68 MP: 25/25
 14848 | D:10     | Learned a level 4 spell: Airstrike
 14850 | D:10     | Found Ecaff's Weapon Emporium.
 15660 | D:10     | Noticed a tengu warrior
 15695 | D:10     | Killed a tengu warrior
 15911 | D:10     | Noticed Grum
 15918 | D:10     | Killed Grum
 16104 | D:10     | Reached skill level 5 in Air Magic
 16543 | Lair:1   | Entered Level 1 of the Lair of Beasts
 17045 | Lair:1   | Reached ***** piety under Vehumet
 17052 | Lair:1   | Offered knowledge of Fulminant Prism by Vehumet.
 17061 | Lair:1   | Noticed Harold
 17105 | Lair:1   | Killed Harold
 17105 | Lair:1   | Reached skill level 1 in Shields
 17184 | Lair:1   | Noticed an eight-headed hydra
 17194 | Lair:1   | Killed an eight-headed hydra
 17428 | Lair:1   | Noticed a four-headed hydra
 17442 | Lair:1   | Killed a four-headed hydra
 18005 | Lair:2   | Found a stormy altar of Qazlal.
 18015 | Lair:2   | Found a labyrinth entrance.
 18036 | Lab      | Entered a labyrinth
 18125 | Lab      | Noticed a minotaur
 18136 | Lab      | Killed a minotaur
 18173 | Lab      | Got a warped bone ring
 18223 | Lair:2   | Identified the ring "Peomoo" {rPois Int+3} (You took it off a minotaur in a labyrinth)
 18437 | Lair:2   | Reached XP level 13. HP: 74/74 MP: 17/27
 19256 | Lair:2   | Identified a scroll of acquirement
 19412 | Lair:2   | Noticed Nergalle
 19424 | Lair:2   | Killed Nergalle
 19424 | Lair:2   | Offered knowledge of Orb of Destruction by Vehumet.
 19826 | Lair:3   | Reached skill level 11 in Spellcasting
 19952 | Lair:3   | Learned a level 7 spell: Orb of Destruction
 20972 | Lair:3   | Reached skill level 10 in Fire Magic
 21079 | Lair:3   | HP: 3/75 [blink frog (17)]
 21905 | Lair:3   | Found a hole to the Spider Nest.
 22435 | Lair:4   | Upgraded the game from 0.19-a0-414-g76fec5b to 0.19-a0-450-g98b348d
 23548 | Lair:5   | Offered knowledge of Bolt of Draining by Vehumet.
 23713 | Lair:5   | Reached skill level 10 in Conjurations
 24938 | Lair:5   | Reached XP level 14. HP: 80/80 MP: 17/28
 25464 | Lair:6   | Offered knowledge of Bolt of Fire by Vehumet.
 25464 | Lair:6   | Reached skill level 10 in Dodging
 25784 | Lair:6   | Found a staircase to the Swamp.
 25870 | Lair:6   | Found a runed door.
 25878 | Lair:6   | Found a viscous altar of Jiyva.
 25879 | Lair:6   | Noticed an acid blob
 25879 | Lair:6   | Noticed an acid blob
 25881 | Lair:6   | Found a staircase to the Slime Pits.
 26737 | Lair:6   | Killed an acid blob
 26738 | Lair:6   | Splashed by an acid blob's acid

Vault maps used:
D:1:      roderic_octagonal_star
D:2:      overflow_temple_1_default, minmay_close_crescents
D:3:      kennysheep_generic_room_4
D:4:      gammafunk_temple_overflow_forgotten, first_bread, grunt_qazlal_clouds
D:5:      kennysheep_okawaru_gauntlet, kennysheep_mini, temple_fountains,
          uniq_blork_the_orc, uniq_edmund
D:6:      marbit_many_paths, serial_co_window_serial, co_window_paths_a,
          co_window_of_opportunity_a, co_window_paths_a, co_window_cross_1,
          co_window_corner_a, co_window_corner_cb, co_window_unsneaky_path_c,
          co_window_broadway_a, co_window_of_opportunity_b, co_window_corner_ca,
          co_window_paths_c, glass_columns_a, glass_columns_c, glass_columns_b,
          grunt_dithmenos_smoke_and_mirrors, uniq_duvessa
D:7:      grunt_temple_overflow_holy_war, nicolae_overflow_quartered_altars,
          uniq_joseph
D:8:      tgw_xom, uniq_gastronok, uniq_erica, uniq_maurice
D:9:      nemelex_altar_shiori, minmay_lair_entry_grove
D:10:     serial_shops, shop, grunt_tengu_nest, uniq_josephine, uniq_grum
Temple:   temple_island_7
Lair:1:   uniq_harold
Lair:2:   basic_altar, lab_entry_generic, fungi_pond_lemuel, st_stairs_6,
          grunt_megastairs_5, uniq_nergalle
Lair:3:   nicolae_spider_entry_tight_spaces
Lair:4:   serial_bayou_crossing
Lair:5:   serial_bayou_pond_e, roderic_batcave, minivault_23,
          roderic_lost_polar_bear, infiniplex_staircase_pool_2,
          lemuel_fruit_tree, uniq_maud
Lair:6:   swamp_mist_pool, slime_altar_2
Lab:      labyrinth_watery, nicolae_lab_lava, nicolae_lab_checkerboard,
          nicolae_lab_flowing_pool, labyrinth_lava_lair, nicolae_lab_stuck

Skill      XL: |  1  2  3  4  5  6  7  8  9 10 11 12 13 14 |
---------------+-------------------------------------------+-----
Conjurations   | 2 3 4 5 6 7 8 9 10 | 10.3
Spellcasting   | 4 5 6 7 8 9 10 11 | 11.7
Fire Magic     | 4 5 6 7 8 9 10 | 10.8
Short Blades   | 2 3 4 5 6 7 8 |  8.0
Fighting       | 1 2 4 5 6 7 |  7.0
Armour         | 1 2 3 4 5 6 |  6.9
Dodging        | 3 4 5 6 8 9 10 | 10.0
Evocations     | 2 4 5 6 7 |  7.9
Air Magic      | 3 4 5 7 |  7.3
Shields        | 1 3 |  3.8
Stealth        | |  2.5

Action                   |  1- 3 |  4- 6 |  7- 9 | 10-12 | 13-15 || total
-------------------------+-------+-------+-------+-------+-------++-------
Melee: Hand axe          |    55 |    57 |   114 |    18 |       ||   244
       Short sword       |       |       |    39 |   278 |   258 ||   575
 Cast: Flame Tongue      |    15 |    57 |   139 |   287 |    24 ||   522
       Throw Flame       |    16 |    27 |    31 |    48 |   232 ||   354
       Conjure Flame     |       |     2 |    10 |    25 |     6 ||    43
       Inner Flame       |       |     2 |     5 |     8 |     1 ||    16
       Sticky Flame      |       |     1 |    19 |    52 |    55 ||   127
       Fireball          |       |       |     3 |    23 |    29 ||    55
       Sting             |       |       |       |     4 |       ||     4
       Airstrike         |       |       |       |       |    21 ||    21
Evoke: Wand              |       |       |     4 |     4 |       ||     8
  Use: Scroll            |     3 |     9 |     5 |     7 |     8 ||    32
       Potion            |     3 |       |     5 |     3 |     1 ||    12
 Stab: Sleeping          |     7 |     5 |       |     4 |     6 ||    22
       Distracted        |       |     1 |       |       |     1 ||     2
  Eat: Chunk             |     4 |    10 |    13 |    20 |     9 ||    56
       Pizza             |       |       |     3 |       |       ||     3
       Beef jerky        |       |       |     1 |     1 |       ||     2
       Meat ration       |       |       |       |     1 |       ||     1
       Fruit             |       |       |       |    10 |    22 ||    32
Armor: Robe              |     4 |    22 |    66 |    35 |       ||   127
       Leather armour    |       |       |       |    30 |    48 ||    78
Dodge: Dodged            |    36 |    44 |   218 |   315 |   265 ||   878
Block: Other             |       |       |       |     9 |       ||     9
       Buckler           |       |       |       |     1 |    98 ||    99
       Reflection        |       |       |       |       |     1 ||     1
